 Dungeon Crawl Stone Soup version 0.27.1-33-g824d729ab1 (webtiles) character file.

Game seed: 11667194371467909737

1743 potato4science the Cleaver (level 8, 0/75 HPs)
             Began as a Minotaur Berserker on Dec 15, 2021.
             Was a Priest of Trog.
             Slain by an unseen horror (6 damage)
             ... on level 6 of the Dungeon.
             The game lasted 00:31:39 (6996 turns).

potato4science the Cleaver (Minotaur Berserker)     Turns: 6996, Time: 00:31:40

Health: 0/75       AC: 11    Str: 25    XL:     8   Next: 77%
Magic:  7/7        EV: 12    Int:  4    God:    Trog [***...]
Gold:   290        SH:  0    Dex:  9    Spells: 7/7 levels left

rFire    . . .     SeeInvis .   z - +1 whip (freeze)
rCold    . . .     Faith    .   (no shield)
rNeg     + . .     Spirit   .   r - +0 ring mail
rPois    .         Reflect  .   (helmet restricted)
rElec    .         Harm     .   m - +0 cloak
rCorr    +         Rampage  .   (no gloves)
Will     .....                  A - +2 pair of boots
Stlth    +.........             (no amulet)
HPRegen  0.22/turn              k - ring of positive energy
MPRegen  0.10/turn              g - ring of resist corrosion

@: no status effects
A: horns 2, retaliatory headbutt
a: Renounce Religion, Berserk, Trog's Hand


You were on level 6 of the Dungeon.
You worshipped Trog.
Trog was most pleased with you.
You visited 2 branches of the dungeon, and saw 7 of its levels.

You collected 290 gold pieces.

Inventory:

Hand Weapons
 a - a +0 hand axe
 z - a +1 whip of freezing (weapon)
Missiles
 d - 329 stones (quivered)
 h - 62 bolts
 l - 39 sling bullets
 n - 46 poisoned darts
 o - 5 boomerangs
 s - a curare-tipped dart
 v - 9 atropa-tipped darts
Armour
 m - a +0 cloak (worn)
 r - a +0 ring mail (worn)
 A - a +2 pair of boots (worn)
Jewellery
 g - a ring of resist corrosion (right hand)
 k - a ring of positive energy (left hand)
Scrolls
 b - a scroll of immolation {unknown}
 e - a scroll of enchant armour {unknown}
 i - 2 scrolls of identify {unknown}
 p - 2 scrolls of acquirement {unknown}
 q - a scroll of magic mapping {unknown}
 y - 2 scrolls of teleportation {unknown}
Potions
 c - a potion of curing {unknown}
 j - 2 potions of flight {unknown}
 t - a potion of brilliance {unknown}
 u - a potion of lignification {unknown}
 w - a potion of berserk rage {unknown}
 x - 2 potions of mutation {unknown}


   Skills:
 + Level 8.3 Fighting
 + Level 8.6 Axes
 - Level 7.0 Armour
 - Level 4.0 Dodging
 - Level 2.0 Stealth


You had 7 spell levels left.
You didn't know any spells.
Your spell library was empty.

Dungeon Overview and Level Annotations

Branches:
Dungeon (6/15)             Temple (1/1) D:5

Altars:
Ashenzari
Dithmenos
Fedhas
Gozag
Kikubaaqudgha
Makhleb
Nemelex Xobeh
Okawaru
Qazlal
Sif Muna
Trog
Vehumet
Wu Jian
Xom
Yredelemnul
The Shining One

Annotations:
D:4 1 runed translucent door, Crazy Yiuf


Innate Abilities, Weirdness & Mutations

You have a pair of horns on your head.
You reflexively headbutt those who attack you in melee.


Message History

Something hits you but does no damage. x2
Something barely misses you. Something hits you but does no damage.
You feel the effects of Trog's Hand fading.
Something hits you. Something hits you. Something hits you.
Something hits you but does no damage.
There is an open door here.
Something hits you but does no damage. Something hits you.
Something hits you but does no damage.
Your skin stops crawling.
You feel less strong-willed. Something hits you but does no damage.
Something hits you but does no damage. Something barely misses you.
Something hits you but does no damage.
Your ring mail prevents you from hitting something.
Something hits you but does no damage. Something hits you but does no damage.
Something hits you but does no damage. Something hits you.
Something hits you but does no damage. Something hits you.
Something barely misses you.
You closely miss something. Something hits you. x2
* * * LOW HITPOINT WARNING * * *
You hit something. You freeze something. You headbutt something.
Something hits you but does no damage.
You closely miss something. Something hits you.
* * * LOW HITPOINT WARNING * * *
Something hits you but does no damage. Something hits you but does no damage.
Something hits you!
* * * LOW HITPOINT WARNING * * *
Something hits you.
* * * LOW HITPOINT WARNING * * *
Something hits you.
* * * LOW HITPOINT WARNING * * *
Something hits you.
* * * LOW HITPOINT WARNING * * *
Something hits you but does no damage. Something hits you.
You die...

#....#.....##)#
#....########..
##'###
########## #.#
#.......# #.#
#.#####.# #.#
#.# #.# #.# #.#
#.#
#.###########.#
#.##
#....@........#
#...
###############
####


There were no monsters in sight!

Vanquished Creatures
  Pikel (D:5)
  A black bear (D:4)
  2 ogres
  A centaur (D:5)
  A kobold brigand (D:4)
  4 lemures (D:5)
  A wyvern zombie (D:5)
  2 jellies (D:5)
  A bullfrog zombie (D:5)
  2 centaur zombies
  2 hounds
  2 iguanas (D:4)
  A hound zombie (D:5)
  8 gnolls (D:4)
  5 adders
  A worm (D:2)
  2 dart slugs
  5 orcs
  5 bats
  11 endoplasms
  3 giant cockroaches
  6 goblins
  11 hobgoblins
  13 jackals
  47 kobolds
  3 quokkas (D:1)
  5 ball pythons
  4 frilled lizards
  7 rats
157 creatures vanquished.

Vanquished Creatures (others)
  8 plants (D:5)
8 creatures vanquished.

Grand Total: 165 creatures vanquished

Notes
Turn   | Place    | Note
-------+----------+-------------------------------------------
     0 | D:1      | potato4science the Minotaur Berserker began the quest for
                  | the Orb.
     0 | D:1      | Reached XP level 1. HP: 19/19 MP: 0/0
    73 | D:1      | Reached XP level 2. HP: 22/27 MP: 1/1
   668 | D:1      | You fall into a shaft and drop 1 floor!
   897 | D:2      | Reached XP level 3. HP: 33/33 MP: 2/2
   944 | D:2      | Found a faded altar of an unknown god.
  1201 | D:1      | Reached ** piety under Trog
  1987 | D:2      | Reached XP level 4. HP: 40/40 MP: 3/3
  2515 | D:3      | Reached skill level 1 in Stealth
  2835 | D:3      | Reached *** piety under Trog
  2895 | D:3      | Reached XP level 5. HP: 45/47 MP: 4/4
  3463 | D:4      | Noticed a black bear
  3852 | D:4      | Found a runed translucent door.
  3853 | D:4      | Noticed Crazy Yiuf
  4018 | D:4      | Reached skill level 5 in Fighting
  4018 | D:4      | Reached XP level 6. HP: 56/56 MP: 5/5
  4331 | D:4      | Reached skill level 5 in Axes
  4974 | D:4      | Reached skill level 5 in Armour
  4974 | D:4      | Reached XP level 7. HP: 54/62 MP: 6/6
  5274 | D:5      | Entered Level 5 of the Dungeon
  5417 | D:5      | Found a staircase to the Ecumenical Temple.
  5430 | Temple   | Entered the Ecumenical Temple
  5603 | D:5      | Noticed Pikel
  6183 | D:5      | Killed Pikel
  6184 | D:5      | Reached XP level 8. HP: 73/73 MP: 7/7
  6351 | D:5      | Found an iron altar of Okawaru.
  6996 | D:6      | Slain by an unseen horror

Illustrated notes

Levels and vault maps discovered:
D:1:      lemuel_arrival_tunnels, layout_basic, chequers_serial_rivers_micro_c
D:2:      layout_basic, chequers_ecumenical_altar_simple
D:3:      layout_loops_ring
D:4:      minmay_goblin_kobold_castle, layout_gridville, uniq_crazy_yiuf_cottage
D:5:      layout_loops_ring, mainiacjoe_overflow_small_starburst,
          minmay_temple_entry_tees, serial_bayou, serial_bayou_lake_a,
          serial_bayou_shore_a, serial_bayou_pond_c, serial_bayou_pond_a,
          uniq_pikel
D:6:      layout_basic
Temple:   regret_index_temple_waves

Skill      XL: |  1  2  3  4  5  6  7  8 |
---------------+-------------------------+-----
Fighting       | 4 5 7 8 |  8.3
Axes           | 4 5 7 8 |  8.6
Armour         | 3 4 5 6 7 |  7.0
Dodging        | 3 4 |  4.0
Stealth        | 1 2 |  2.0

Action                   |  1- 3 |  4- 6 |  7- 9 || total
-------------------------+-------+-------+-------++-------
Melee: Hand axe          |    82 |   197 |    44 ||   323
       Headbutt          |    12 |    31 |    18 ||    61
       Whip              |       |       |    34 ||    34
Throw: Stone             |       |     4 |       ||     4
Invok: Berserk           |     4 |     5 |     5 ||    14
       Trog's Hand       |       |     1 |     3 ||     4
  Use: Potion            |       |     1 |     1 ||     2
 Stab: Sleeping          |     2 |     2 |       ||     4
Armor: Animal skin       |    11 |    24 |       ||    35
       Ring mail         |       |    67 |    64 ||   131
Dodge: Dodged            |    59 |   149 |    42 ||   250
